 Dungeon Crawl Stone Soup version 0.26.1-11-gd32895ea62 (webtiles) character file.

Game seed: 4672718910194625588

24976 dtburroughs the Cleaver (level 12, -1/112 HPs)
             Began as a Minotaur Berserker on July 21, 2021.
             Was an Elder of Trog.
             Slain by a catoblepas (13 damage)
             ... on level 2 of the Lair of Beasts.
             The game lasted 00:28:22 (17240 turns).

dtburroughs the Cleaver (Minotaur Berserker)       Turns: 17240, Time: 00:28:23

Health: -1/112     AC: 16    Str: 22    XL:     12   Next: 85%
Magic:  0/11       EV: 10    Int:  7    God:    Trog [****..]
Gold:   789        SH: 18    Dex: 12    Spells: 11/11 levels left

rFire    . . .     SeeInvis +   s - +0 war axe
rCold    . . .     Faith    .   F - +0 tower shield (curse)
rNeg     . . .     Spirit   +   D - +0 chain mail
rPois    .         Reflect  .   d - +1 hat
rElec    .         Harm     .   H - +0 cloak
rCorr    +         Rampage  .   (no gloves)
Will     ++...                  L - +0 pair of boots
Stlth    ..........             M - amulet of guardian spirit
HPRegen  1.28/turn              l - ring of resist corrosion
MPRegen  0.12/turn              N - ring of see invisible

@: regenerating
A: retaliatory headbutt, horns 2
a: Renounce Religion, Berserk, Trog's Hand, Brothers in Arms


You were on level 2 of the Lair of Beasts.
You worshipped Trog.
Trog was greatly pleased with you.
You visited 2 branches of the dungeon, and saw 14 of its levels.

You collected 789 gold pieces.

Inventory:

Hand Weapons
 s - a +0 war axe (weapon)
 C - a +3 flail
Armour
 d - a +1 hat (worn)
 h - the +1 pair of gloves of Alunwe Jad {rPois rF- rC- Regen+ Int+8}
   (You found it on level 7 of the Dungeon)

   It affects your intelligence (+8).
   It makes you vulnerable to fire.
   It makes you vulnerable to cold.
   It protects you from poison.
   It increases your rate of regeneration.
 x - a +0 tower shield
 D - a +0 chain mail (worn)
 F - a cursed +0 tower shield (worn)
 H - a +0 cloak (worn)
 L - a +0 pair of boots (worn)
Jewellery
 l - a ring of resist corrosion (left hand)
 y - a +6 ring of dexterity
 z - a +6 ring of strength
 I - an uncursed ring of ice {unknown}
 M - an amulet of guardian spirit (around neck)
 N - a ring of see invisible (right hand)
Wands
 G - a wand of enslavement (15)
 K - a wand of polymorph (6)
 O - a wand of acid (6)
 P - a wand of flame (7)
 Q - a wand of paralysis (9)
Scrolls
 a - 2 scrolls of fear
 b - 2 scrolls of fog
 c - 3 scrolls of immolation
 j - 5 scrolls of noise
 m - 7 scrolls of teleportation
 n - 6 scrolls of remove curse
 o - 3 scrolls of magic mapping
 q - 2 scrolls of enchant armour
 u - 6 scrolls of enchant weapon
 J - a scroll of brand weapon
 R - a scroll of identify
Potions
 e - 5 potions of lignification
 f - 2 potions of might
 g - a potion of magic {unknown}
 i - 2 potions of heal wounds
 k - 4 potions of attraction
 p - 2 potions of flight {unknown}
 r - 7 potions of curing
 t - a potion of ambrosia {unknown}
 v - 5 potions of invisibility
 w - 4 potions of haste
 A - 2 potions of degeneration {unknown}
 B - 3 potions of mutation
Miscellaneous
 E - a box of beasts


   Skills:
 + Level 12.0 Fighting
 + Level 12.0 Axes
 + Level 11.7 Armour
 + Level 10.9 Dodging
 + Level 10.6 Shields
 + Level 4.0 Evocations


You had 11 spell levels left.
You didn't know any spells.
Your spell library was empty.

Dungeon Overview and Level Annotations

Branches:
Dungeon (11/15)            Temple (0/1) D:6            Lair (3/6) D:8
    Orc (0/2) D:9
  Swamp: Lair:2-4    Shoals: Lair:2-4     Snake: Lair:2-4    Spider: Lair:2-4

Altars:
Cheibriados
Dithmenos
Fedhas
Gozag
Hepliaklqana
Makhleb
Nemelex Xobeh
Qazlal
Trog
Vehumet
Xom
Zin
Beogh

Annotations:
D:6 2 transporters, seveneves's ghost, novice MiFi
Lair:1 exclusion: oklob plant


Innate Abilities, Weirdness & Mutations

You reflexively headbutt those who attack you in melee.
You have a pair of horns on your head.


Message History

* * * LOW HITPOINT WARNING * * *
The blink frog hits you!
* * * LOW HITPOINT WARNING * * *
The catoblepas breathes a plume of calcifying dust at you.
The blast of calcifying dust hits you but does no damage.
The blink frog is engulfed in calcifying dust.
The blink frog is moving more slowly.
The catoblepas barely misses you.
Your ogre goes berserk!
Trog will no longer gift you weapons.
The blink frog is engulfed in calcifying dust.
The blink frog stops moving altogether!
The catoblepas barely misses you. You furiously retaliate!
You headbutt the catoblepas!
The blink frog is engulfed in calcifying dust. x2
You slash the catoblepas!
The catoblepas is severely wounded.
The helpless blink frog fails to defend itself.
You hit the blink frog. You hit the fungus.
The fungus begins to die.
The blink frog is engulfed in calcifying dust.
The catoblepas gores you!
You die...

#................§...............
#................§#.......#P.....
#................§#..............
#.......>........§...............
#................§.....##........
#.....................###......#.
#...............O§....##......###
#...........##.#FY..§.........P##
##.P.#..#####..P@...............#
#..P#####.##..[...............##
##### ##....................##
#....................##
#.....................#
#####.......#...........###
##P#.........###.........#
#............###.........###
####...........##............#


You could see a catoblepas, a blink frog (petrified) and a friendly ogre
(summoned, berserk).

Vanquished Creatures
  Fannar (Lair:1)
  4 two-headed ogres
  A boulder beetle (D:11)
  3 hydras
  An oklob plant (Lair:2)
  An ugly thing (D:11)
  An orb spider (D:10)
  2 manticores (D:11)
  A black mamba (Lair:2)
  A gargoyle (D:10)
  2 cane toads
  Maggie (D:9)
  4 komodo dragons
  3 polar bears
  2 trolls
  A blink frog (Lair:1)
  A wraith (D:11)
  32 yaks
  A basilisk (D:8)
  5 wyverns
  Grum (Lair:1)
  Menkaure (D:6)
  2 steam dragons
  9 water moccasins
  2 sky beasts
  4 black bears
  2 orc warriors
  3 ice beasts
  3 phantoms
  A necrophage (D:10)
  12 wolves
  5 ogres
  4 centaurs
  A big kobold (D:9)
  A wyvern zombie (D:6)
  12 bullfrogs
  2 scorpions (D:8)
  8 killer bees
  2 wights (D:10)
  2 howler monkeys
  A bullfrog zombie (D:10)
  A bullfrog skeleton (D:8)
  2 centaur skeletons
  A hound (D:4)
  4 jellies
  9 orc priests
  11 orc wizards
  7 iguanas
  4 hell rats (Lair:2)
  11 worker ants
  A hound skeleton (D:4)
  3 worker ant zombies
  Robin (D:2)
  A howler monkey skeleton (D:8)
  19 adders
  3 shadow imps
  5 white imps
  2 ufetubi
  An adder zombie (D:6)
  An adder skeleton (D:8)
  3 worms
  2 dart slugs
  3 leopard geckos
  39 orcs
  A ball python (D:1)
  2 giant cockroaches
  15 goblins
  9 hobgoblins
  6 jackals
  11 kobolds
  2 quokkas
  9 bats
  2 frilled lizards
  2 leopard gecko skeletons (D:4)
  7 rats
  2 bushes (Lair:2)
348 creatures vanquished.

Vanquished Creatures (collateral kills)
  Maurice (D:10)
  A wight (D:10)
  A bullfrog zombie (D:10)
  A quasit (D:10)
  A bullfrog skeleton (D:10)
  A worker ant (D:10)
6 creatures vanquished.

Vanquished Creatures (others)
  A sky beast (D:5)
  A hobgoblin (D:2)
  5 bushes (D:8)
  17 fungi
  31 plants
  A withered plant (D:10)
56 creatures vanquished.

Grand Total: 410 creatures vanquished

Notes
Turn   | Place    | Note
-------+----------+-------------------------------------------
     0 | D:1      | dtburroughs the Minotaur Berserker began the quest for the
                  | Orb.
     0 | D:1      | Reached XP level 1. HP: 19/19 MP: 0/0
   126 | D:1      | Reached XP level 2. HP: 26/27 MP: 1/1
   540 | D:2      | Noticed Robin
   543 | D:2      | Reached XP level 3. HP: 32/33 MP: 2/2
   550 | D:2      | Reached ** piety under Trog
   565 | D:2      | Killed Robin
   839 | D:2      | Reached XP level 4. HP: 30/41 MP: 3/3
  1748 | D:3      | Reached XP level 5. HP: 33/47 MP: 4/4
  2492 | D:4      | Reached skill level 5 in Fighting
  2492 | D:4      | Reached skill level 5 in Axes
  2667 | D:4      | Reached XP level 6. HP: 49/56 MP: 5/5
  3710 | D:5      | Entered Level 5 of the Dungeon
  3729 | D:5      | Noticed a sky beast
  3734 | D:5      | Killed a sky beast
  3735 | D:5      | Reached skill level 5 in Armour
  3735 | D:5      | Reached XP level 7. HP: 41/62 MP: 6/6
  3742 | D:5      | Reached *** piety under Trog
  4328 | D:5      | Found a glowing silver altar of Zin.
  4337 | D:5      | Reached skill level 1 in Shields
  4506 | D:5      | Reached skill level 5 in Dodging
  4776 | D:5      | Reached XP level 8. HP: 31/71 MP: 7/7
  5648 | D:6      | Noticed Menkaure
  5668 | D:6      | Killed Menkaure
  5794 | D:6      | Found a transporter.
  5800 | D:6      | Noticed seveneves's ghost (novice MiFi)
  6024 | D:6      | Found a staircase to the Ecumenical Temple.
  6048 | D:6      | Reached **** piety under Trog
  6094 | D:6      | Found a stormy altar of Qazlal.
  6095 | D:6      | Found a radiant altar of Vehumet.
  6098 | D:6      | Found a bloodstained altar of Trog.
  6105 | D:6      | Found a shadowy altar of Dithmenos.
  6112 | D:6      | Found a blossoming altar of Fedhas.
  6112 | D:6      | Found a snail-covered altar of Cheibriados.
  6113 | D:6      | Found a burning altar of Makhleb.
  6146 | D:6      | Found a transporter.
  6373 | D:7      | Found an opulent altar of Gozag.
  6769 | D:7      | Got a pair of glimmering gloves
  6775 | D:7      | Identified the +1 pair of gloves of Alunwe Jad {rPois rF-
                  | rC- Regen+ Int+8} (You found it on level 7 of the Dungeon)
  6844 | D:7      | Reached XP level 9. HP: 79/79 MP: 8/8
  7239 | D:8      | Noticed a two-headed ogre
  7253 | D:8      | Killed a two-headed ogre
  7254 | D:8      | Reached skill level 5 in Shields
  7407 | D:8      | Found a sparkling altar of Nemelex Xobeh.
  7605 | D:8      | Reached XP level 10. HP: 60/90 MP: 9/9
  7632 | D:8      | Noticed a two-headed ogre
  7643 | D:8      | Killed a two-headed ogre
  8076 | D:8      | Found a staircase to the Lair.
  8340 | D:8      | Found a shimmering altar of Xom.
  8341 | D:8      | Found a hazy altar of Hepliaklqana.
  8937 | D:9      | Noticed Maggie
  8950 | D:9      | Killed Maggie
  9304 | D:9      | Found a staircase to the Orcish Mines.
  9361 | D:9      | Reached skill level 10 in Axes
  9370 | D:9      | Reached skill level 10 in Fighting
  9374 | D:9      | Reached XP level 11. HP: 74/99 MP: 10/10
  9701 | D:9      | Found a roughly hewn altar of Beogh.
 10024 | D:10     | Entered Level 10 of the Dungeon
 10029 | D:10     | Reached skill level 10 in Armour
 10058 | D:10     | Noticed a two-headed ogre
 10073 | D:10     | Killed a two-headed ogre
 10073 | D:10     | Reached ***** piety under Trog
 10343 | D:10     | Found a shimmering altar of Xom.
 10343 | D:10     | Noticed Sonja
 10361 | D:10     | Noticed Sonja
 10361 | D:10     | Sonja changed into Sonja the orb spider
 10614 | D:10     | Killed Sonja the orb spider
 10797 | D:10     | Noticed Maurice
 11018 | D:10     | Killed Maurice
 11854 | D:11     | Reached skill level 1 in Evocations
 11905 | D:11     | Noticed a six-headed hydra
 11915 | D:11     | Killed a six-headed hydra
 11916 | D:11     | Reached skill level 10 in Dodging
 11961 | D:11     | Noticed a two-headed ogre
 11998 | D:11     | Killed a two-headed ogre
 11999 | D:11     | Reached XP level 12. HP: 78/110 MP: 11/11
 12821 | D:11     | Noticed a boulder beetle
 12849 | D:11     | Killed a boulder beetle
 13223 | Lair:1   | Entered Level 1 of the Lair of Beasts
 13395 | Lair:1   | Noticed a seven-headed hydra
 13406 | Lair:1   | Killed a seven-headed hydra
 13637 | Lair:1   | Reached skill level 10 in Shields
 13779 | Lair:1   | Noticed Joseph
 13781 | Lair:1   | Noticed Grum
 13804 | Lair:1   | Noticed Joseph
 13804 | Lair:1   | Joseph changed into Joseph the blink frog
 13810 | Lair:1   | Killed Grum
 13824 | Lair:1   | Killed Joseph the blink frog
 14072 | Lair:1   | Noticed Fannar
 14088 | Lair:1   | Killed Fannar
 15456 | Lair:2   | Noticed a seven-headed hydra
 15468 | Lair:2   | Killed a seven-headed hydra
 17220 | Lair:3   | Noticed a catoblepas
 17240 | Lair:2   | Slain by a catoblepas

Illustrated notes

Levels and vault maps discovered:
D:1:      lemuel_arrival_broad_hall, layout_rooms
D:2:      layout_basic, uniq_robin
D:3:      minmay_inner_zag, layout_basic
D:4:      layout_basic
D:5:      layout_basic, lemuel_crystal_altar
D:6:      layout_rooms, grunt_temple_overflow_open, temple_green,
          gammafunk_ghost_stat_death, uniq_menkaure
D:7:      layout_rooms, grunt_gozag_statues
D:8:      layout_loops_corners, regret_index_temple_of_mockery,
          nemelex_xobeh_ov_fountains_minmay, minmay_lair_entry_grove
D:9:      layout_roguey, minmay_orc_entry_temple_small, uniq_maggie
D:10:     layout_roguey, basic_altar, serial_undead, serial_undead_a,
          serial_undead_f, serial_undead_f, serial_undead_f, uniq_sonja,
          uniq_maurice
D:11:     layout_gridville
Lair:1:   layout_layer_cave, cheibrodos_lair_lostbears,
          minmay_lair_oklob_chamber, lemuel_fruit_fields, uniq_joseph,
          uniq_grum, uniq_fannar
Lair:2:   layout_hall_layers, minmay_holes, minmay_lair_oklob_bushes,
          serial_bayou_shore_b
Lair:3:   layout_small_grid, minmay_swamp_entry_worms, dummy_spider_entry,
          grunt_megastairs_2

Skill      XL: |  1  2  3  4  5  6  7  8  9 10 11 12 |
---------------+-------------------------------------+-----
Fighting       | 4 5 6 7 8 10 11 12 | 12.0
Axes           | 4 5 6 7 8 10 11 12 | 12.0
Armour         | 3 4 5 7 8 9 10 11 | 11.7
Dodging        | 3 4 5 6 7 8 10 | 10.9
Shields        | 2 4 6 8 9 10 | 10.6
Evocations     | 1 4 |  4.0

Action                   |  1- 3 |  4- 6 |  7- 9 | 10-12 || total
-------------------------+-------+-------+-------+-------++-------
Melee: Hand axe          |    61 |    21 |       |       ||    82
       Headbutt          |     8 |    11 |    56 |   227 ||   302
       War axe           |       |    88 |   238 |   736 ||  1062
       Flail             |       |       |       |    19 ||    19
       Unarmed           |       |       |       |     3 ||     3
Invok: Trog's Hand       |     1 |     1 |     4 |    10 ||    16
       Brothers in Arms  |       |       |       |     4 ||     4
Evoke: Wand              |       |       |       |     4 ||     4
  Use: Scroll            |       |       |    10 |     9 ||    19
 Stab: Distracted        |       |       |       |     1 ||     1
       Petrified         |       |       |       |     1 ||     1
Armor: Animal skin       |     4 |       |       |       ||     4
       Ring mail         |    10 |    52 |    35 |       ||    97
       Chain mail        |       |       |    39 |   188 ||   227
       Skin              |       |       |       |     9 ||     9
Dodge: Dodged            |    55 |    80 |    65 |   220 ||   420
Block: Tower shield      |       |       |   156 |   704 ||   860
